[Event "Titled Tuesday Blitz October 04 Late 2022"]
[White "Andreikin, Dmitry"]
[Black "Nozdrachev, Leonid"]
[WhiteFideId "4158814"]
[BlackFideId "24113433"]
[WhiteElo "2736"]
[BlackElo "2249"]
[Result "1-0"]
[Round "01"]
[TimeControl "180+1"]
[Date "2022.10.04"]
[WhiteClock "0:01:58"]
[BlackClock "0:00:40"]

1. Nf3 d5 2. g3 Bg4 3. Bg2 e6 4. O-O Bd6 5. c4 c6 6. Qb3 Qb6 7. Qc2 Nf6 8. d4 Qd8 9. Nbd2 O-O 10. e4 dxe4 11. Nxe4 Nxe4 12. Qxe4 Bf5 13. Qe2 Nd7 14. Rd1 Nf6 15. Ne5 Nd7 16. g4 Bg6 17. h4 Qxh4 18. Nxd7 Qh2+ 19. Kf1 Rfd8 20. Ne5 Bxe5 21. dxe5 Rxd1+ 22. Qxd1 Qxe5 23. Kg1 h5 24. gxh5 Bxh5 25. Qd2 Qf5 26. Qg5 Qxg5 27. Bxg5 f6 28. Be3 Rd8 29. Bxa7 Rd2 30. b4 Rb2 31. b5 cxb5 32. c5 1-0


[Site "https://www.chess.com"]

[Event "Titled Tuesday Blitz October 04 Late 2022"]
[White "Araujo Sanchez, Josue"]
[Black "Jobava, Baadur"]
[WhiteFideId "6416896"]
[BlackFideId "13601520"]
[WhiteElo "2370"]
[BlackElo "2582"]
[Result "0-1"]
[Round "01"]
[TimeControl "180+1"]
[Date "2022.10.04"]
[WhiteClock "0:01:13"]
[BlackClock "0:02:07"]

1. c4 c6 2. Nc3 d5 3. d4 Nf6 4. Nf3 dxc4 5. e3 b5 6. a4 b4 7. Na2 b3 8. Nc3 Ba6 9. Ne5 e6 10. Bxc4 Bxc4 11. Nxc4 c5 12. O-O Nc6 13. Ne5 Nxe5 14. dxe5 Qxd1 15. Rxd1 Nd7 16. f4 c4 17. Kf2 Nc5 18. Ke2 Nd3 19. Rb1 Bb4 20. Nb5 Ke7 21. Bd2 a5 22. Bc3 Rhd8 23. Rd2 Rd7 24. Rbd1 Rad8 25. Bxb4+ axb4 26. Nd4 Rxd4 27. exd4 Nxf4+ 28. Kf3 Nd5 29. Rc1 c3 30. Rd3 Ra8 31. Ra1 Ra5 32. g3 Kd7 33. Ke2 cxb2 0-1


[Site "https://www.chess.com"]

[Event "Titled Tuesday Blitz October 04 Late 2022"]
[White "Bortnyk, Mykola"]
[Black "Miszler, Levente"]
[WhiteFideId "14120836"]
[BlackFideId "763276"]
[WhiteElo "2582"]
[BlackElo "2176"]
[Result "1-0"]
[Round "01"]
[TimeControl "180+1"]
[Date "2022.10.04"]
[WhiteClock "0:02:00"]
[BlackClock "0:01:43"]

1. e4 e6 2. d4 d5 3. Nc3 Nf6 4. e5 Nfd7 5. Nf3 c5 6. dxc5 Nc6 7. Bf4 Bxc5 8. Bd3 O-O 9. Bxh7+ Kxh7 10. Ng5+ Kg6 11. Qd3+ f5 12. Qg3 Qb6 13. O-O Qxb2 14. Rad1 Bb4 15. Nxe6+ Kf7 16. Qxg7+ Kxe6 17. Nxd5 Ndxe5 18. Nc7# 1-0


[Site "https://www.chess.com"]

[Event "Titled Tuesday Blitz October 04 Late 2022"]
[White "Duda, Jan-Krzysztof"]
[Black "Pert, Richard G"]
[WhiteFideId "1170546"]
[BlackFideId "404748"]
[WhiteElo "2779"]
[BlackElo "2441"]
[Result "1-0"]
[Round "01"]
[TimeControl "180+1"]
[Date "2022.10.04"]
[WhiteClock "0:01:29"]
[BlackClock "0:00:06"]

1. Nf3 d5 2. e3 Nf6 3. c4 e6 4. Nc3 c6 5. b3 Bd6 6. Bb2 O-O 7. Be2 e5 8. cxd5 cxd5 9. Nb5 Nc6 10. Nxd6 Qxd6 11. d4 e4 12. Ne5 Be6 13. Nxc6 Qxc6 14. O-O Rac8 15. Ba3 Rfe8 16. Rc1 Qd7 17. h3 h6 18. Qd2 Bxh3 19. gxh3 Qxh3 20. Rxc8 Rxc8 21. Rc1 Re8 22. Bd6 Re6 23. Bg3 h5 24. Qd1 g5 25. Be5 Qf5 26. Rc7 g4 27. Rxb7 h4 28. Rxa7 g3 29. fxg3 Rxe5 30. dxe5 Qxe5 31. Qf1 Kf8 32. Qf4 Qc3 33. Ra8+ Kg7 34. Qg5+ Kh7 35. Qxh4+ Kg6 36. Qf4 d4 37. exd4 Qe1+ 38. Bf1 e3 39. Ra6 e2 40. Rxf6+ 1-0


[Site "https://www.chess.com"]

[Event "Titled Tuesday Blitz October 04 Late 2022"]
[White "Ekdyshman, Mikhail"]
[Black "Zierk, Steven"]
[WhiteFideId "4149416"]
[BlackFideId "2034255"]
[WhiteElo "2164"]
[BlackElo "2494"]
[Result "0-1"]
[Round "01"]
[TimeControl "180+1"]
[Date "2022.10.04"]
[WhiteClock "0:00:07"]
[BlackClock "0:00:22"]

1. d4 Nf6 2. Nc3 d5 3. Bg5 Nbd7 4. Qd3 c5 5. O-O-O c4 6. Qg3 b5 7. Nxb5 Qa5 8. Nc7+ Kd8 9. Nxa8 Ne4 10. Qf4 f6 11. Bh4 g5 12. Qc7+ Qxc7 13. Nxc7 gxh4 14. Ne6+ Ke8 15. Nh3 Nb6 16. Nxf8 Bxh3 17. gxh3 Nxf2 18. Ne6 Nxh1 19. Bg2 Nf2 20. Rf1 Ne4 21. Nc7+ Kd7 22. Nxd5 Nd6 23. Ne3 c3 24. bxc3 Rc8 25. Nd1 Na4 26. Rf3 Ne4 27. Re3 Nexc3 28. Nxc3 Nxc3 29. Kd2 Nb5 30. c3 Nd6 31. Bd5 Rb8 32. Bb3 a5 33. Kc2 Kd8 34. Rf3 Rb5 35. Rf4 Rg5 36. Rxh4 h5 37. Kd3 e5 38. c4 Nf5 39. Re4 Nxd4 40. Ba4 Ne6 41. Kc3 Nc5 42. Re3 Nxa4+ 43. Kc2 Nc5 44. Ra3 a4 45. Re3 Rg2 46. Kc3 Kc7 47. Kb4 Kd6 48. Rf3 Ne4 49. Rd3+ Ke6 50. Re3 f5 51. c5 Rg1 52. c6 Rc1 53. Kb5 Nd6+ 54. Kxa4 Rxc6 55. Kb3 Rc4 56. Rd3 Re4 57. Rd2 Nc4 58. Rc2 Kd5 59. Rc1 Re3+ 60. Kb4 Nd2 61. Rd1 Rxe2 62. Kc3 Rxh2 63. Rxd2+ Rxd2 64. Kxd2 f4 65. Kd3 e4+ 66. Kc3 f3 67. Kd2 Kd4 68. a4 e3+ 69. Ke1 Kd3 70. a5 e2 71. Kf2 Kd2 72. Kxf3 e1=Q 73. Kf4 Qe3+ 0-1


[Site "https://www.chess.com"]

[Event "Titled Tuesday Blitz October 04 Late 2022"]
[White "Hirneise, Jens"]
[Black "Zhigalko, Sergei"]
[WhiteFideId "24614734"]
[BlackFideId "13502956"]
[WhiteElo "2344"]
[BlackElo "2662"]
[Result "0-1"]
[Round "01"]
[TimeControl "180+1"]
[Date "2022.10.04"]
[WhiteClock "0:00:16"]
[BlackClock "0:00:06"]

1. Nf3 d5 2. e3 Nf6 3. c4 e6 4. b3 Bd6 5. Bb2 O-O 6. Qc2 b6 7. Nc3 Bb7 8. cxd5 exd5 9. Nb5 c5 10. Nxd6 Qxd6 11. d4 Nc6 12. dxc5 bxc5 13. Be2 d4 14. exd4 Nb4 15. Qd1 cxd4 16. a3 Bxf3 17. Bxf3 Rfe8+ 18. Kf1 Nc6 19. Rc1 Rac8 20. g3 Ne5 21. Rxc8 Rxc8 22. Kg2 Rd8 23. Re1 h6 24. Qe2 Nxf3 25. Qxf3 Nh7 26. h4 Nf8 27. Rd1 Ne6 28. b4 Qb6 29. Rd2 a5 30. bxa5 Qxa5 31. Qd1 Qd5+ 32. Qf3 Qb5 33. Qd3 Qb7+ 34. Qf3 Qb5 35. Qd3 Qa5 36. Rd1 Qa4 37. Rc1 Qa8+ 38. Qf3 Qb8 39. Rc2 Qb5 40. Rd2 Qc5 41. Qe4 Qc4 42. Qd3 Qc6+ 43. Qf3 Qc7 44. Qe4 Qa5 45. Qe2 Qb6 46. Qf3 Qa5 47. Qe2 h5 48. Rd1 g6 49. Kg1 Qb6 50. Kg2 Qb7+ 51. Kg1 d3 52. Qd2 Nd4 53. Bxd4 Rxd4 54. Qe3 Qd5 55. Rd2 Qd6 56. Qe8+ Kg7 57. Qe3 Kh7 58. Qf3 Kg8 59. Qe3 Rd5 60. Qe8+ Kg7 61. Qe3 Qxa3 62. Qe1 Qd6 63. Kg2 Rd4 64. Qe3 Qd5+ 65. Qf3 Qd6 66. Qe3 Qd7 67. Qf3 Rd5 68. Qe3 Rd6 69. Qf3 Qb5 70. Qe4 Qa6 71. Qe5+ Kg8 72. Qe8+ Kg7 73. Qe5+ Kh7 74. Qf4 Qc6+ 75. Qf3 Qd7 76. Qe4 Rd4 77. Qf3 Kg8 78. Qa8+ Kg7 79. Qf3 Qb5 80. Qe3 Qc5 81. Qf3 Qc3 82. Qe3 Qc4 83. Qe5+ Kg8 84. Qe8+ Kh7 85. Qe3 Rd7 86. Qf3 Qc3 87. Qe3 Kg7 88. Kh2 Rd6 89. Kg2 Rd5 90. Kh2 Rd7 91. Kg2 Rd6 92. Kh2 Qd4 93. Qxd4+ Rxd4 94. Kg2 Kf6 95. Kf3 Ke5 96. Ke3 Re4+ 97. Kf3 Kd4 98. Ra2 Re6 0-1


[Site "https://www.chess.com"]

[Event "Titled Tuesday Blitz October 04 Late 2022"]
[White "Holt, Conrad"]
[Black "Przybylski, Wojciech"]
[WhiteFideId "2034387"]
[BlackFideId "1117599"]
[WhiteElo "2592"]
[BlackElo "2221"]
[Result "0-1"]
[Round "01"]
[TimeControl "180+1"]
[Date "2022.10.04"]
[WhiteClock "0:00:01"]
[BlackClock "0:00:09"]

1. d4 Nf6 2. c4 e6 3. Nc3 Bb4 4. Qc2 d5 5. cxd5 Qxd5 6. Nf3 Qf5 7. Qxf5 exf5 8. Bd2 c6 9. e3 Be6 10. Bd3 Nbd7 11. Ke2 h6 12. Rhc1 Ke7 13. Na4 Bd6 14. b4 Rac8 15. Nc5 Rc7 16. a4 Nd5 17. Nxe6 fxe6 18. b5 Rhc8 19. bxc6 Rxc6 20. Rxc6 Rxc6 21. Rb1 Rc7 22. Rb3 g5 23. h3 Kf6 24. g4 fxg4 25. hxg4 Ke7 26. Ne1 e5 27. dxe5 Nxe5 28. Be4 Nb6 29. Ba5 Rc4 30. Bxb6 axb6 31. f3 Bc7 32. Ra3 Rb4 33. Ra2 Rb3 34. Nc2 Nc6 35. Ra3 Rb2 36. Kd1 Rb1+ 37. Kd2 Bd6 38. Rd3 Bc5 0-1


[Site "https://www.chess.com"]

[Event "Titled Tuesday Blitz October 04 Late 2022"]
[White "Ilkhomi, Jaloliddin"]
[Black "Howell, David W L"]
[WhiteFideId "14700948"]
[BlackFideId "410608"]
[WhiteElo "2045"]
[BlackElo "2567"]
[Result "0-1"]
[Round "01"]
[TimeControl "180+1"]
[Date "2022.10.04"]
[WhiteClock "0:00:13"]
[BlackClock "0:00:12"]

1. d4 d5 2. Bf4 c5 3. e3 cxd4 4. exd4 Nc6 5. c3 f6 6. Nf3 g5 7. Bg3 h5 8. h3 Nh6 9. Bd3 Bf5 10. Qc2 e6 11. Nbd2 Kf7 12. O-O Rc8 13. Bxf5 Nxf5 14. Qd3 Bd6 15. Rae1 g4 16. Nh4 Nce7 17. Nxf5 Nxf5 18. h4 Bxg3 19. fxg3 Qd7 20. Rf4 Kg7 21. Nf1 b5 22. Ne3 Nd6 23. Kh2 Rh6 24. Rf2 Ne4 25. Rfe2 f5 26. Nf1 Rf6 27. Nd2 Rcf8 28. Nxe4 fxe4 29. Qe3 Rf5 30. Rd2 a5 31. Ree2 Qf7 32. Kg1 Rf1+ 33. Kh2 Qf6 34. b3 Qh6 35. Qxh6+ Kxh6 36. c4 bxc4 37. bxc4 Rc1 38. Rc2 Ra1 39. Rxe4 dxe4 0-1


[Site "https://www.chess.com"]

[Event "Titled Tuesday Blitz October 04 Late 2022"]
[White "Karas, Marek"]
[Black "Maksimovic, Bojan"]
[WhiteFideId "14928558"]
[BlackFideId "14408120"]
[WhiteElo "2220"]
[BlackElo "2447"]
[Result "1-0"]
[Round "01"]
[TimeControl "180+1"]
[Date "2022.10.04"]
[WhiteClock "0:00:12"]
[BlackClock "0:00:17"]

1. d4 Nf6 2. c4 g6 3. Nc3 Bg7 4. e4 d6 5. Nf3 O-O 6. Be2 Nbd7 7. Be3 e5 8. d5 Ng4 9. Bg5 f6 10. Bh4 Nh6 11. Nd2 g5 12. Bg3 f5 13. exf5 Nxf5 14. Bd3 Nc5 15. Nde4 b6 16. Nxc5 bxc5 17. Qh5 h6 18. O-O Rb8 19. Rab1 Bd7 20. Ne4 a5 21. Rfe1 Qe8 22. Qxe8 Rbxe8 23. f3 Nd4 24. Rec1 g4 25. fxg4 Bxg4 26. Re1 h5 27. h3 Bd7 28. Rf1 Rxf1+ 29. Rxf1 Rf8 30. Rxf8+ Kxf8 31. Be1 a4 32. Ba5 Bf5 33. Bxc7 Ke7 34. Bxd6+ Kd7 35. Bxc5 h4 36. Bxd4 exd4 37. Nf6+ Bxf6 38. Bxf5+ Kd6 39. Kf1 d3 40. Bxd3 Bxb2 41. Ke2 a3 42. Kf3 Be5 43. Bc2 Bg3 44. Ke4 Kc5 45. Bb3 Kd6 46. Kd3 Kc5 47. Kc3 Be5+ 48. Kd3 Bg3 49. Bd1 Be5 50. Be2 Kd6 51. Kc2 Kc5 52. Kb3 Bb2 53. Bf3 Bc1 54. Bd1 Bb2 55. Be2 Bc1 56. Bf3 Bb2 57. g3 hxg3 58. h4 Bc1 59. h5 Bg5 60. Kxa3 Kxc4 61. Ka4 Kd4 62. Kb5 Ke3 63. Bg2 Kf2 64. Bh3 Kg1 65. Kc6 Kh2 66. Bf1 Kg1 67. Bd3 Kf2 68. Be4 Ke3 69. Bh1 Kf2 70. d6 g2 71. Bxg2 Kxg2 72. d7 Kf3 73. Kc7 Bh6 74. d8=Q Kg4 75. Qg8+ Kxh5 76. Kd6 Bg5 77. Qxg5+ Kxg5 78. a4 Kf4 79. a5 Ke4 80. a6 Kd4 81. a7 Kc4 82. a8=Q Kb3 83. Qc6 Kb2 84. Qc4 Ka1 85. Qb4 Ka2 86. Kc5 Ka1 87. Kc4 Ka2 88. Kc3 1-0


[Site "https://www.chess.com"]

[Event "Titled Tuesday Blitz October 04 Late 2022"]
[White "Kollars, Dmitrij"]
[Black "Tan, Ralph"]
[WhiteFideId "12909572"]
[BlackFideId "30966590"]
[WhiteElo "2584"]
[BlackElo "2059"]
[Result "1-0"]
[Round "01"]
[TimeControl "180+1"]
[Date "2022.10.04"]
[WhiteClock "0:00:52"]
[BlackClock "0:00:23"]

1. e4 e6 2. d4 d5 3. exd5 exd5 4. Nf3 Bd6 5. c4 c6 6. Nc3 Ne7 7. c5 Bc7 8. Bd3 O-O 9. O-O Bf5 10. b4 Nd7 11. Bg5 f6 12. Bh4 Re8 13. a4 a6 14. Re1 Bxd3 15. Qxd3 Ng6 16. Bg3 Bf4 17. Qf5 Bxg3 18. hxg3 Ndf8 19. g4 Qd7 20. b5 axb5 21. axb5 Rxa1 22. Rxa1 cxb5 23. Qxd7 Nxd7 24. Nxd5 Ne7 25. Nc7 Rc8 26. Nxb5 Nc6 27. Nd6 Rb8 28. Rb1 Na5 29. Rb5 b6 30. Nd2 Nc6 31. Nb3 bxc5 32. Rxb8+ Ncxb8 33. dxc5 Kf8 34. f3 Ke7 35. Nf5+ Kf7 36. Kf2 g6 37. Nd6+ Ke6 38. Ne4 Nc6 39. Ke3 Nde5 40. Nd4+ Kd5 41. Nxf6+ Kxc5 42. Nxc6 Kxc6 43. Nxh7 Kd6 44. Kf4 Ke6 45. Ng5+ Kf6 46. Ne4+ Ke6 47. Kg5 Kf7 48. Nd6+ Kg7 49. Kf4 Nd7 50. g5 Nc5 51. Ke3 Ne6 52. f4 Nc5 53. Ne4 Ne6 54. g4 Nc7 55. Kd4 Ne6+ 56. Ke5 Nd8 57. f5 Nf7+ 58. Ke6 gxf5 59. gxf5 Nd8+ 60. Kd7 Nf7 61. Ke7 Ne5 62. Ke6 Ng4 63. Nd6 Ne3 64. f6+ Kf8 65. g6 Ng4 66. Nf5 Nh6 67. Nxh6 Ke8 68. g7 Kd8 69. f7 Kc7 70. f8=Q Kb6 71. Qd6+ Ka5 72. Qc7+ Ka4 73. Qb6 Ka3 74. g8=Q Ka2 75. Qa8# 1-0


[Site "https://www.chess.com"]

[Event "Titled Tuesday Blitz October 04 Late 2022"]
[White "Kouskoutis, Georgios-Alexandros"]
[Black "Le, Tuan Minh"]
[WhiteFideId "4234049"]
[BlackFideId "12401153"]
[WhiteElo "2187"]
[BlackElo "2530"]
[Result "0-1"]
[Round "01"]
[TimeControl "180+1"]
[Date "2022.10.04"]
[WhiteClock "0:00:03"]
[BlackClock "0:00:28"]

1. c4 c6 2. g3 Nf6 3. Bg2 d5 4. Nf3 Nbd7 5. cxd5 cxd5 6. d4 Nb6 7. Nc3 e6 8. O-O Be7 9. a4 Bd7 10. b3 O-O 11. a5 Nc8 12. Bf4 Nd6 13. Ne5 Rc8 14. Qd3 a6 15. Rfc1 Be8 16. Bd2 h6 17. e3 Nd7 18. Na4 Nxe5 19. dxe5 Bb5 20. Qd4 Nf5 21. Qb2 Rxc1+ 22. Rxc1 Qb8 23. Nb6 Rd8 24. Bc3 h5 25. Bd4 Bb4 26. Bc3 Bxc3 27. Qxc3 d4 28. exd4 Nxd4 29. Bf1 Bxf1 30. Kxf1 Qxe5 31. Qc7 Qe2+ 32. Kg1 Nf3+ 33. Kg2 Rd2 34. Rf1 Qe4 35. Qc8+ Kh7 36. Qc4 Ne1+ 37. Kh3 Qg2+ 38. Kh4 Nf3+ 0-1


[Site "https://www.chess.com"]

[Event "Titled Tuesday Blitz October 04 Late 2022"]
[White "Kravtsiv, Martyn"]
[Black "Fiorito, Francisco"]
[WhiteFideId "14113147"]
[BlackFideId "180165"]
[WhiteElo "2694"]
[BlackElo "2204"]
[Result "1-0"]
[Round "01"]
[TimeControl "180+1"]
[Date "2022.10.04"]
[WhiteClock "0:00:32"]
[BlackClock "0:00:06"]

1. e4 c5 2. Nf3 Nc6 3. d4 cxd4 4. Nxd4 g6 5. Nc3 Bg7 6. Be3 Nf6 7. Bc4 O-O 8. Bb3 Re8 9. O-O d6 10. h3 Na5 11. Qe2 b6 12. Ba4 Bd7 13. b4 Bxa4 14. Nxa4 Nb7 15. f3 Qd7 16. b5 Na5 17. Nb3 Nxb3 18. axb3 Rec8 19. Rad1 Qc7 20. c4 Nd7 21. f4 a6 22. bxa6 Rxa6 23. f5 Nc5 24. fxg6 hxg6 25. Qf3 Rf8 26. Nxc5 bxc5 27. h4 Ra3 28. Rd3 Qb7 29. Bc1 Ra2 30. h5 gxh5 31. Qxh5 Qxe4 32. Rg3 f5 33. Bh6 Qd4+ 34. Kh1 e6 35. Rxg7+ Qxg7 36. Bxg7 Kxg7 37. Qg5+ Kf7 38. Qh5+ Ke7 39. Qh7+ Rf7 40. Qh4+ Kd7 41. Rd1 Ra6 42. b4 cxb4 43. c5 d5 44. Qxb4 Rc6 45. Ra1 e5 46. Qb7+ Rc7 47. Qxd5+ 1-0


[Site "https://www.chess.com"]

[Event "Titled Tuesday Blitz October 04 Late 2022"]
[White "Lazavik, Denis"]
[Black "Mahajan, Rushaan"]
[WhiteFideId "13515110"]
[BlackFideId "30934222"]
[WhiteElo "2437"]
[BlackElo "2148"]
[Result "1/2-1/2"]
[Round "01"]
[TimeControl "180+1"]
[Date "2022.10.04"]
[WhiteClock "0:00:06"]
[BlackClock "0:00:04"]

1. d4 Nf6 2. c4 e6 3. Nf3 d5 4. Nc3 Nbd7 5. cxd5 exd5 6. Bg5 c6 7. e3 Qa5 8. Nd2 Ne4 9. Ndxe4 dxe4 10. Bh4 Nb6 11. Qd2 Bb4 12. Rc1 Be6 13. a3 Bxc3 14. Rxc3 Nd5 15. Rc5 Qxd2+ 16. Kxd2 Kd7 17. Be2 f5 18. Bg3 g5 19. Be5 Rhf8 20. h4 g4 21. g3 h5 22. b4 a6 23. Rhc1 Rfc8 24. Rb1 Nb6 25. Bf4 Nd5 26. a4 Nxf4 27. exf4 Bd5 28. Ke3 Rc7 29. Rbc1 Kd6 30. R5c3 Rac8 31. Bc4 b5 32. Be2 bxa4 33. Bxa6 Rb8 34. b5 Rb6 35. Kd2 Ra7 36. Rc5 cxb5 37. Bxb5 a3 38. Ra1 Ra5 39. Be2 Rxc5 40. dxc5+ Kxc5 41. Rxa3 Rb2+ 42. Ke3 Rb3+ 43. Rxb3 Bxb3 44. Ba6 Be6 45. Bb7 Kb6 46. Ba8 Kc5 47. Kd2 Bd5 48. Bxd5 Kxd5 49. Kc3 Kc5 50. Kc2 Kc4 51. Kd2 Kd4 52. Ke2 e3 53. fxe3+ Ke4 54. Kf2 Kd3 55. e4 Kxe4 56. Ke2 Kd4 57. Kd2 Kc4 58. Kc2 Kd4 59. Kd2 Ke4 60. Ke2 Kd4 1/2-1/2


[Site "https://www.chess.com"]

[Event "Titled Tuesday Blitz October 04 Late 2022"]
[White "Martinez Alcantara, Jose Eduardo"]
[Black "Richter, Paul"]
[WhiteFideId "3805662"]
[BlackFideId "2046350"]
[WhiteElo "2703"]
[BlackElo "2546"]
[Result "1-0"]
[Round "01"]
[TimeControl "180+1"]
[Date "2022.10.04"]
[WhiteClock "0:02:37"]
[BlackClock "0:00:06"]

1. e4 c5 2. Nf3 d6 3. d4 cxd4 4. Nxd4 Nf6 5. Nc3 g6 6. Be2 Bg7 7. O-O O-O 8. Nb3 Nc6 9. Re1 a5 10. a4 Be6 11. Bg5 Rc8 12. Bf1 Ne5 13. Nd5 Nxd5 14. exd5 Bf5 15. Nd4 Bg4 16. f3 h6 17. Be3 Bd7 18. b3 f5 19. c4 f4 20. Bf2 g5 21. Be2 Qe8 22. h3 h5 23. Qd2 Qg6 24. Qc2 Qh6 25. Qd1 Qg6 26. Qb1 Qh6 27. Ne6 Bxe6 28. dxe6 Qxe6 29. Qe4 g4 30. fxg4 hxg4 31. Bxg4 Qf6 32. Bxc8 Rxc8 33. Rad1 Rf8 34. c5 Qg5 35. cxd6 exd6 36. Rxd6 f3 37. g3 Qh5 38. Qh4 Qxh4 39. gxh4 Nc6 40. Kh1 Be5 41. Rxc6 1-0


[Site "https://www.chess.com"]

[Event "Titled Tuesday Blitz October 04 Late 2022"]
[White "Milchev, Nikolay"]
[Black "Paravyan, David"]
[WhiteFideId "2906090"]
[BlackFideId "4194985"]
[WhiteElo "2449"]
[BlackElo "2555"]
[Result "0-1"]
[Round "01"]
[TimeControl "180+1"]
[Date "2022.10.04"]
[WhiteClock "0:01:00"]
[BlackClock "0:00:10"]

1. Nf3 Nf6 2. c4 g6 3. Nc3 d5 4. Qa4+ Bd7 5. Qb3 dxc4 6. Qxc4 c5 7. e4 Nc6 8. h3 e6 9. e5 Nd5 10. Nxd5 exd5 11. Qxd5 Nb4 12. Qb3 Bg7 13. a3 Nc6 14. Bc4 O-O 15. e6 Bxe6 16. Bxe6 Re8 17. O-O Rxe6 18. Qxb7 Rb8 19. Qa6 Nd4 20. Qxa7 Nxf3+ 21. gxf3 Qg5+ 22. Kh1 Rbe8 23. d3 Qf5 24. Kg2 Bd4 25. Qc7 Re2 26. Qg3 Qxd3 27. Bf4 Rxb2 28. Rae1 Rxe1 29. Rxe1 Rxf2+ 30. Qxf2 Bxf2 31. Kxf2 f6 32. Kg3 Qxa3 33. Re3 Qa1 34. Kg2 Qb2+ 35. Kg3 Qb1 36. Kg2 Qc2+ 37. Kg3 g5 38. Bd6 h5 39. h4 gxh4+ 40. Kf4 Qh2+ 41. Kf5 Qxd6 42. Re6 Qxe6+ 43. Kxe6 Kg7 44. f4 h3 45. f5 h2 0-1


[Site "https://www.chess.com"]

[Event "Titled Tuesday Blitz October 04 Late 2022"]
[White "Nakamura, Hikaru"]
[Black "Poltorak, Sebastian"]
[WhiteFideId "2016192"]
[BlackFideId "1199498"]
[WhiteElo "2909"]
[BlackElo "2232"]
[Result "1-0"]
[Round "01"]
[TimeControl "180+1"]
[Date "2022.10.04"]
[WhiteClock "0:01:21"]
[BlackClock "0:00:19"]

1. Nf3 c5 2. g3 Nc6 3. d4 cxd4 4. Nxd4 Nf6 5. Bg2 d5 6. O-O g6 7. c4 Nxd4 8. Qxd4 Be6 9. Rd1 dxc4 10. Bxb7 Qxd4 11. Rxd4 Rd8 12. Rxd8+ Kxd8 13. Nc3 Bg7 14. Bf4 Nd7 15. Rd1 Bh3 16. Ba6 e5 17. Bg5+ f6 18. Be3 Ke7 19. Nd5+ Kf7 20. Bxc4 Be6 21. Nc7 Bxc4 22. Rxd7+ Kg8 23. Ne8 Bf7 24. Nd6 Be6 25. Rd8+ Bf8 26. Bh6 1-0


[Site "https://www.chess.com"]

[Event "Titled Tuesday Blitz October 04 Late 2022"]
[White "Ozates, Tuna"]
[Black "Nepomniachtchi, Ian"]
[WhiteFideId "6354521"]
[BlackFideId "4168119"]
[WhiteElo "2151"]
[BlackElo "2781"]
[Result "0-1"]
[Round "01"]
[TimeControl "180+1"]
[Date "2022.10.04"]
[WhiteClock "0:00:08"]
[BlackClock "0:01:17"]

1. e4 c5 2. Nf3 e6 3. d4 cxd4 4. Nxd4 Nc6 5. Nc3 a6 6. Be3 Qc7 7. a3 Nf6 8. f4 Nxd4 9. Bxd4 Qxf4 10. g3 Qc7 11. e5 Nd5 12. Nxd5 exd5 13. Bg2 Bc5 14. O-O O-O 15. Bxd5 d6 16. exd6 Qxd6 17. c4 Be6 18. b4 Bxd4+ 19. Qxd4 Bxd5 20. cxd5 Rad8 21. Rad1 Rfe8 22. Rd2 Re5 23. Rfd1 h5 24. Kg2 Rde8 25. Rf2 Rc8 26. Qf4 f6 27. Qd4 b5 28. Rfd2 Rc4 29. Qd3 h4 30. Qf3 Rg5 31. Re1 hxg3 32. hxg3 Rcg4 33. Rd3 Rxg3+ 34. Qxg3 Rxg3+ 35. Rxg3 Qxd5+ 36. Rf3 Kf7 37. Kf2 g5 38. Ree3 Kg6 39. Rd3 Qe4 40. Rd6 Qe5 41. Rxa6 g4 42. Rfxf6+ Qxf6+ 43. Rxf6+ Kxf6 44. Kg3 Kf5 45. Kg2 Kf4 46. Kf2 g3+ 47. Kg2 Kg4 48. Kg1 Kf3 49. Kf1 g2+ 50. Kg1 Kg3 51. a4 bxa4 52. b5 a3 53. b6 a2 54. b7 a1=R# 0-1


[Site "https://www.chess.com"]

[Event "Titled Tuesday Blitz October 04 Late 2022"]
[White "Rangel, Daniel"]
[Black "Melkumyan, Hrant"]
[WhiteFideId "2124475"]
[BlackFideId "13302485"]
[WhiteElo "2225"]
[BlackElo "2604"]
[Result "0-1"]
[Round "01"]
[TimeControl "180+1"]
[Date "2022.10.04"]
[WhiteClock "0:00:08"]
[BlackClock "0:00:45"]

1. c4 e6 2. g3 d5 3. Bg2 d4 4. Nf3 Nc6 5. d3 Bb4+ 6. Bd2 a5 7. O-O Nf6 8. Bxb4 axb4 9. a3 Qe7 10. Nfd2 O-O 11. Nb3 e5 12. Re1 h5 13. e3 Bg4 14. f3 Bd7 15. exd4 Nxd4 16. Nxd4 Qc5 17. Qe2 exd4 18. axb4 Qxb4 19. Rxa8 Rxa8 20. Qd2 Qxd2 21. Nxd2 Ra2 22. Rb1 Ba4 23. b3 Rxd2 24. bxa4 b6 25. Bf1 Nd7 26. Rb5 c5 27. f4 g6 28. Bh3 f5 29. Bg2 Rxd3 30. Bc6 Nf6 31. Rxb6 Ra3 32. Rb8+ Kg7 33. Rd8 Ne4 34. Rd7+ Kh6 35. Bd5 Rxa4 36. Bg8 Nf6 37. Rd8 Nxg8 38. Rxg8 Rxc4 39. Rd8 Rc3 40. Kf1 d3 41. Ke1 c4 42. Kd1 Rc2 43. h4 Kg7 44. Rd6 Kf7 45. Rc6 c3 46. Rd6 Rd2+ 47. Kc1 Ke7 48. Rd4 Ke8 49. Rc4 Rg2 50. Rxc3 Rxg3 51. Rc6 Rg4 52. Kd2 Kf7 53. Kxd3 Rxf4 54. Ke3 Rxh4 55. Kf3 Rg4 56. Rc7+ Kf6 57. Rc6+ Kg5 58. Ra6 h4 59. Ra2 Rg3+ 60. Kf2 Kg4 61. Ra6 g5 62. Ra5 f4 63. Ra6 h3 64. Ra8 Rg2+ 65. Kf1 Rb2 66. Kg1 Kg3 67. Ra3+ f3 68. Ra1 g4 69. Kh1 Rh2+ 70. Kg1 f2+ 71. Kf1 Rh1+ 72. Ke2 Rxa1 73. Kd2 f1=Q 74. Kc2 Qc4+ 75. Kb2 Ra2+ 76. Kb1 Qc2# 0-1


[Site "https://www.chess.com"]

[Event "Titled Tuesday Blitz October 04 Late 2022"]
[White "Riff, Vincent"]
[Black "Bortnyk, Olexandr"]
[WhiteFideId "617776"]
[BlackFideId "14120828"]
[WhiteElo "2369"]
[BlackElo "2723"]
[Result "0-1"]
[Round "01"]
[TimeControl "180+1"]
[Date "2022.10.04"]
[WhiteClock "0:00:11"]
[BlackClock "0:00:36"]

1. e4 Nf6 2. Nc3 d5 3. exd5 Nxd5 4. Nf3 Nxc3 5. dxc3 Qxd1+ 6. Kxd1 Bg4 7. Be2 Nc6 8. Be3 O-O-O+ 9. Kc1 f6 10. b3 e5 11. Kb2 a6 12. h3 Be6 13. Rhd1 Be7 14. Nd2 Rd7 15. Ne4 Rhd8 16. Rxd7 Rxd7 17. g4 Bd5 18. Bd3 g6 19. Ng3 Bf3 20. Re1 Kd8 21. a4 Ke8 22. Bc4 Bd5 23. Bd3 Kf7 24. h4 Nd8 25. h5 Ne6 26. hxg6+ hxg6 27. Rg1 Bc5 28. b4 Bxe3 29. fxe3 Ng5 30. e4 Be6 31. Ne2 Kg7 32. c4 Rd8 33. Nc3 Rd4 34. Ne2 Rd8 35. Nc3 c6 36. b5 a5 37. Nd1 Rd4 38. Nc3 Rd8 39. c5 Rh8 40. b6 Kf7 41. Nd1 Ke7 42. Ne3 Rh3 43. Nc4 Bxc4 44. Bxc4 Nxe4 45. g5 f5 46. Bf1 Rh4 47. Bg2 Nxc5 0-1


[Site "https://www.chess.com"]

[Event "Titled Tuesday Blitz October 04 Late 2022"]
[White "Ronka, Erik"]
[Black "Naroditsky, Daniel"]
[WhiteFideId "505080"]
[BlackFideId "2026961"]
[WhiteElo "2264"]
[BlackElo "2628"]
[Result "0-1"]
[Round "01"]
[TimeControl "180+1"]
[Date "2022.10.04"]
[WhiteClock "0:00:11"]
[BlackClock "0:00:40"]

1. e4 c6 2. d4 d5 3. Nd2 dxe4 4. Nxe4 Nf6 5. Nxf6+ exf6 6. c3 Bd6 7. Bd3 O-O 8. Qc2 Re8+ 9. Ne2 h5 10. Be3 Nd7 11. O-O-O b5 12. d5 c5 13. Bxb5 Rb8 14. c4 Rxe3 15. fxe3 Ne5 16. Ng3 g6 17. Ne4 Bf5 18. Rhf1 Bxe4 19. Qxe4 f5 20. Qc2 Qa5 21. Qa4 Qxa4 22. Bxa4 Nxc4 23. Rf2 Nxe3 24. Rd3 f4 25. b3 Rb4 26. Bc6 h4 27. Kd2 c4 28. bxc4 Rb2+ 29. Kc3 Be5+ 0-1


[Site "https://www.chess.com"]